[Event "Czech Open-GM 2022"]
[Site "Pardubice"]
[Date "2022.07.27"]
[Round "6.29"]
[White "Rabatin, Jakub"]
[Black "Gombocz, Ferenc Jr."]
[Result "0-1"]
[ECO "A06"]
[WhiteElo "2349"]
[BlackElo "2229"]
[Annotator "TA"]
[PlyCount "112"]
[EventDate "2022.07.22"]
[EventType "swiss"]
[EventCountry "CZE"]
[SourceTitle "playchess.com"]
[Source "ChessBase"]
[SourceQuality "1"]
[TimeControl "40/5400+30:1800+30"]

1. Nf3 d5 2. g3 Bg4 3. Bg2 Nd7 4. c4 e6 5. cxd5 exd5 6. O-O Ngf6 7. d3 c6 8. Nc3 Bc5 9. Qb3 Bb6 10. Na4 {[%emt 0:01:49] A11: English Opening: 1...c6.} O-O 11. Nxb6 Qxb6 {[%emt 0:01:22] [#]} 12. Qxb6 $146 {[%emt 0:04:01] The position is equal.} ({Predecessor:} 12. Qc2 Rfe8 13. h3 Bh5 14. g4 Bg6 15. Nh4 Nf8 16. Kh1 Ne6 17. e3 h5 18. g5 Nxg5 {1-0 (65) Oparin,G (2616)-Shirov,A (2673) Moscow 2016}) 12... axb6 13. h3 Bxf3 14. Bxf3 Nc5 15. Bf4 Ra6 16. Bg2 Rfa8 17. a3 $1 h6 18. Rfe1 Re8 19. Rac1 Nb3 20. Rc3 Nd4 {[%emt 0:00:18] Pair of Knights!} 21. Kf1 Nd7 22. e4 Nb5 23. Rcc1 d4 24. Rcd1 (24. Ke2 {feels hotter.} Nc5 25. g4 Nb3 26. Rc2) 24... Nc5 25. Bc1 (25. g4 $14) 25... Nb3 26. f4 Nc7 27. e5 Ra5 28. Bd2 Rc5 29. Bb4 Rc2 30. Re2 Rxe2 31. Kxe2 f6 32. Bd6 (32. Kf1 $11 {remains equal.}) 32... Nb5 $17 33. Kf2 Nxd6 34. exd6 {[%emt 0:00:03][%mdl 4096] Endgame KRB-KRN} Rd8 35. Re1 Rxd6 36. Re7 Nc5 37. Ke2 {[%emt 0:00:43] [#]} (37. Be4 $15) 37... Kf8 $19 38. Rc7 Re6+ 39. Kd2 Re3 40. Bf1 Rxg3 41. b4 Ne6 42. Rxb7 Nxf4 {[%emt 0:00:06] Hoping for ...b5.} 43. Rxb6 Rg1 ({Stronger than} 43... Nxh3 44. Rxc6 Nf4 45. b5 $11) 44. Ke1 Nxd3+ 45. Ke2 Ne5 46. Kf2 Rg5 {[%emt 0:00:08] aiming for ...d3.} 47. Be2 (47. a4 {keeps fighting.}) 47... d3 48. Bd1 Rf5+ 49. Ke1 Nc4 (49... Ke7 $19 {has better winning chances. And now ...Kd6 would win.} 50. a4 Rg5) 50. Rxc6 $17 Re5+ 51. Kf2 Nb2 {[%emt 0:01:08] Black is more active.} 52. Bb3 {[%emt 0:09:52] [#]} Ke7 $1 {[%emt 0:01:02] ...d2 is the strong threat.} 53. Rc7+ Kd6 54. Rxg7 (54. Rc8 $17 {was necessary.}) 54... d2 $19 55. Rg1 Re1 {[%emt 0:00:34] Strongly threatening ...Nd3+.} 56. Rg6 $2 (56. Rg8 Nd3+ 57. Kf3 Ne5+ 58. Kf2) 56... Nd3+ {[%emt 0:00:13] Weighted Error Value: White=0.41/Black=0.07 (flawless)} 0-1

[Event "Czech Open-GM 2022"]
[Site "Pardubice"]
[Date "2022.07.27"]
[Round "6.30"]
[White "Stinka, Jakub"]
[Black "Jares, Michal"]
[Result "1/2-1/2"]
[ECO "E48"]
[WhiteElo "2335"]
[BlackElo "2208"]
[Annotator "TA"]
[PlyCount "36"]
[EventDate "2022.07.22"]
[EventType "swiss"]
[EventCountry "CZE"]
[SourceTitle "playchess.com"]
[Source "ChessBase"]
[SourceQuality "1"]
[TimeControl "40/5400+30:1800+30"]

1. d4 Nf6 2. c4 e6 3. Nc3 Bb4 4. e3 O-O 5. Bd3 d5 6. cxd5 exd5 7. Nge2 c6 8. O-O Re8 9. Bd2 {[%emt 0:07:05] E48: Nimzo-Indian: Rubinstein: 5 Bd3 d5 including 6 Ne2, but excluding 6 a3.} Bd6 10. Ng3 Ng4 11. Nce2 {[%emt 0:10:32] The position is equal.} h5 {[%emt 0:06:25][%cal Bh7h5,Bh5h4][%mdl 32] [#] Hoping for ...h4.} 12. Nf4 $146 ({Predecessor:} 12. h3 h4 13. hxg4 hxg3 14. Nxg3 Qh4 15. Bf5 Nd7 16. Qe1 Nf6 17. f4 Nxg4 18. Bxg4 Bxg4 {½-½ (43) Mogstad,O (2445)-Limayo,E (2168) ICCF email 1997}) 12... h4 $1 13. Nf5 Bxf5 14. Bxf5 Nf6 15. Qf3 Ne4 16. Rad1 (16. Bxe4 $5 Rxe4 17. Nd3 $11) 16... Nd7 17. Nd3 (17. Bxe4 $14 Rxe4 18. Qg4) 17... g6 18. Bxd7 Qxd7 {[%emt 0:00:55] Weighted Error Value: White=0.23 (precise) /Black=0.11 (very precise)} 1/2-1/2

[Event "Czech Open-GM 2022"]
[Site "Pardubice"]
[Date "2022.07.27"]
[Round "6.31"]
[White "Redzisz, Michal"]
[Black "Swicarz, Maciej"]
[Result "0-1"]
[ECO "A46"]
[WhiteElo "2232"]
[BlackElo "2335"]
[Annotator "TA"]
[PlyCount "88"]
[EventDate "2022.07.22"]
[EventType "swiss"]
[EventCountry "CZE"]
[SourceTitle "playchess.com"]
[Source "ChessBase"]
[SourceQuality "1"]
[TimeControl "40/5400+30:1800+30"]

1. d4 Nf6 2. Nf3 d5 3. c4 e6 4. g3 dxc4 5. Qa4+ Nbd7 6. Qxc4 c5 7. Bg2 a6 8. Qc2 Qb6 {[%emt 0:06:04] E03: Open Catalan: 5 Qa4+ Nbd7 6 Qxc4.} 9. e3 {[%emt 0:07:35] [#]} Qa7 $146 (9... Qb5 10. Nc3 Qc6 11. O-O $16) ({Predecessor:} 9... cxd4 10. exd4 Bd6 11. O-O O-O 12. Na3 Qc7 13. Qxc7 Bxc7 14. Bg5 b5 15. Rac1 Ra7 16. Nc2 {½-½ (25) Atalik,S (2474)-Nitish,B (2449) Novi Sad 2022}) 10. a4 b6 {[%emt 0:01:51] The position is equal.} 11. Nc3 Bb7 12. O-O Rc8 13. Rd1 cxd4 14. exd4 Bb4 15. Qe2 (15. Qb3 $5 a5 16. Bf4 $11) 15... O-O ({Much weaker is} 15... Bxc3 16. bxc3 O-O 17. c4 $11) 16. Bd2 Bxc3 17. Bxc3 (17. bxc3 $11 Bd5 18. Rdc1) 17... Qa8 18. Rac1 Rfd8 19. Ne1 Bxg2 20. Nxg2 Nd5 21. Bd2 h6 22. h4 N7f6 23. Ne1 Rxc1 24. Rxc1 Ne7 {[%emt 0:01:09] Pair of Knights!} 25. Qf3 Qe4 26. Be3 (26. Qxe4 $11 Nxe4 27. Be3) 26... Nf5 (26... Qg6 $17) 27. Qxe4 $11 Nxe4 28. Kg2 {[%emt 0:00:01] [#]} Nexg3 $1 {[%emt 0:02:27] Black is more active.} 29. Rc6 $1 Nxe3+ 30. fxe3 $15 {[%mdl 4096] Endgame KRN-KRN} Nf5 31. Kf2 Rb8 ({Of course not} 31... Nxh4 32. Rxb6 e5 33. Rxa6 $11) (31... e5 $5 32. Nd3 exd4 $15) 32. Nf3 Ne7 33. Rc7 Nd5 34. Ra7 (34. Rc6 $15) 34... Rc8 $17 35. e4 Rc2+ 36. Kg3 {[%emt 0:00:02] [#]} Nf6 $1 37. e5 {[%emt 0:00:02][%mdl 8192] Now White is beyond hope.} (37. Ne5 $17) 37... Nd5 (37... Nh5+ $142 38. Kh3 (38. Kg4 $2 g6 $19) 38... a5) 38. Rxa6 Rxb2 39. Ra8+ Kh7 40. Ra7 (40. h5 $142) 40... Kg6 $19 41. a5 bxa5 42. Rxa5 Ne3 43. Kf4 Nf5 44. Ra4 Rf2 {[%emt 0:05:17] Weighted Error Value: White=0.39/Black=0.15 (very precise)} 0-1

[Event "Czech Open-GM 2022"]
[Site "Pardubice"]
[Date "2022.07.27"]
[Round "6.32"]
[White "Nurkiewicz, Maciej"]
[Black "Delgerdalai, Bayarjavkhlan"]
[Result "1-0"]
[ECO "B90"]
[WhiteElo "2332"]
[BlackElo "2209"]
[Annotator "TA"]
[PlyCount "71"]
[EventDate "2022.07.22"]
[EventType "swiss"]
[EventCountry "CZE"]
[SourceTitle "playchess.com"]
[Source "ChessBase"]
[SourceQuality "1"]
[TimeControl "40/5400+30:1800+30"]

1. e4 c5 2. Nf3 d6 3. d4 cxd4 4. Nxd4 Nf6 5. Nc3 a6 6. Be3 e5 7. Nb3 Be7 8. h3 {[%emt 0:00:06] B90: Sicilian Najdorf: Unusual White 6th moves, 6 Be3 Ng4 and 6 Be3 e5.} Be6 9. f4 exf4 10. Bxf4 {[%emt 0:00:06] The position is equal.} Nc6 11. Qe2 Ne5 12. O-O-O {[%emt 0:02:29] Bxe5 is the strong threat.} Qc7 13. g4 h6 {[%emt 0:02:27] [#]} 14. Nd5 $146 ({Predecessor:} 14. Kb1 b5 15. Qg2 Nfd7 16. g5 h5 17. Nd5 Bxd5 18. exd5 O-O 19. Bd3 g6 20. Rhe1 {0-1 (52) Kacprzak,K (2226)-Kyc,J (2250) Katowice 2021}) 14... Nxd5 15. exd5 Bd7 16. Rg1 O-O-O (16... O-O $11) 17. Rg3 $36 {[%emt 0:02:25][%mdl 2048] And now Rc3 would win. White has strong initiative.} Bb5 (17... Kb8 $16) 18. Qe4 $18 Qd7 $2 (18... Kb8) 19. Bxb5 Qxb5 20. Bxe5 dxe5 21. Rc3+ ({But not} 21. Qxe5 Bd6 22. Rc3+ Kb8 23. Qxg7 Bf4+ 24. Kb1 Qe8) 21... Kb8 22. Qxe5+ Bd6 23. Qxg7 Qe2 {[%emt 0:06:59] Threatens to win with ...Be5.} 24. Rcd3 $2 ({Don't blunder} 24. Qxf7 $2 Rdf8 25. Nd4 Qxd1+ 26. Kxd1 Rxf7 $19) ({White should play} 24. Qd4 $18) 24... Rc8 $2 {[%emt 0:03:32][%mdl 8192] [#] A mistake that costs the game.} (24... Be5 $11 {and Black has nothing to worry.} 25. Qxf7 Rhf8) 25. Nd4 $1 Qe7 26. Nf5 Qe2 27. c3 Bf4+ 28. Kb1 Be5 29. Qxf7 Rxc3 $2 (29... h5 30. Nd4 Bxd4) 30. bxc3 Bxc3 {[%emt 0:00:15] [#]} 31. Rxc3 $1 {[%emt 0:00:27] White threatens Rdc1 and mate.} Qxd1+ 32. Rc1 Qd3+ 33. Ka1 Ka8 34. d6 {[%emt 0:02:19][%cal Bd5d6,Bd6d7][%mdl 32] Qc7 would kill now.} Qd2 35. Qc7 Re8 36. d7 {[%emt 0:01:07] Weighted Error Value: White=0.27 (precise) /Black=0.80} 1-0

[Event "Czech Open-GM 2022"]
[Site "Pardubice"]
[Date "2022.07.27"]
[Round "6.33"]
[White "Vojta, Jakub"]
[Black "Bujnoch, Radek"]
[Result "1/2-1/2"]
[ECO "C65"]
[WhiteElo "2326"]
[BlackElo "2191"]
[Annotator "TA"]
[PlyCount "62"]
[EventDate "2022.07.22"]
[EventType "swiss"]
[EventCountry "CZE"]
[SourceTitle "playchess.com"]
[Source "ChessBase"]
[SourceQuality "1"]
[TimeControl "40/5400+30:1800+30"]

1. e4 e5 2. Nf3 Nc6 3. Bb5 Nf6 4. d3 Bc5 5. O-O Nd4 6. Nxd4 Bxd4 7. c3 {[%emt 0:02:05] C65: Ruy Lopez: Berlin Defence (3...Nf6), unusual lines and 4 0-0 Bc5.} Bb6 8. d4 {[%emt 0:08:43] 8.Na3 is the modern continuation.} O-O 9. Bg5 d6 10. Qd3 Qe7 11. Nd2 h6 12. Bh4 {[%emt 0:00:22] [#]} g5 $146 ({Predecessor:} 12... c6 13. Ba4 Bg4 14. Bc2 g5 15. f3 Bh5 16. Bf2 Bg6 17. Nc4 Bc7 18. Qd2 d5 19. Nxe5 Bxe5 20. dxe5 Qxe5 {1-0 (33) Pourkashiyan,A (2308)-Qiu,T (2289) Manila 2010}) 13. Bg3 Nh5 14. Nc4 f6 15. Ba4 Be6 16. Bb3 Bxc4 17. Bxc4+ Kh8 18. Rad1 Rad8 19. Rfe1 Ng7 20. b4 f5 {[%emt 0:01:56] [#] ...f4 is the strong threat.} 21. exf5 Nxf5 22. Kh1 Nxg3+ 23. fxg3 d5 24. Bb3 e4 25. Qe2 c6 (25... Kg7 {keeps more tension.} 26. Rf1 Qe6 27. Kg1 c6) 26. Rf1 Rxf1+ (26... a5 {seems wilder.} 27. b5 Kg7 28. bxc6 bxc6 29. Qa6 Rxf1+ 30. Rxf1 Rf8) 27. Rxf1 Rf8 28. Rxf8+ Qxf8 29. Kg1 Qf7 (29... Qe7 $11) 30. Bd1 (30. Qxe4 $1 $14 a5 31. a3 (31. Qe5+ Kg8 $14)) 30... Kg7 31. Qf2 a5 {[%emt 0:02:47] Weighted Error Value: White=0.14 (very precise) /Black=0.16 (very precise)} 1/2-1/2

[Event "Czech Open-GM 2022"]
[Site "Pardubice"]
[Date "2022.07.27"]
[Round "6.34"]
[White "Budzisz, Adrian"]
[Black "Bhambure, Shantanu"]
[Result "0-1"]
[ECO "B52"]
[WhiteElo "2152"]
[BlackElo "2320"]
[Annotator "TA"]
[PlyCount "86"]
[EventDate "2022.07.22"]
[EventType "swiss"]
[EventCountry "CZE"]
[SourceTitle "playchess.com"]
[Source "ChessBase"]
[SourceQuality "1"]
[TimeControl "40/5400+30:1800+30"]

1. e4 c5 2. Nf3 d6 3. Bb5+ Bd7 4. Bxd7+ Nxd7 5. O-O Ngf6 6. Re1 e6 7. c3 Be7 8. d4 O-O $1 {[%emt 0:00:07][%mdl 4] is now more promising than 8...cxd4.} 9. e5 Ne8 {[%emt 0:00:14] B52: Sicilian: Moscow Variation with 3...Bd7.} 10. Nbd2 cxd4 {[%emt 0:01:45] [#]} 11. exd6 $146 ({Predecessor:} 11. cxd4 dxe5 12. dxe5 Nc7 13. Ne4 Nd5 14. a3 Nc5 15. Nxc5 Bxc5 16. Qe2 Rc8 17. Qe4 {½-½ (57) Pranav,V (2481)-Urbina Perez,J (2274) Chess.com INT 2022}) 11... Nxd6 {[%emt 0:25:02] The position is equal.} 12. Ne4 Nxe4 13. Rxe4 Bf6 14. Nxd4 Nc5 15. Re1 Qc7 (15... Bxd4 $5 16. cxd4 Na6 $11) 16. Be3 Rfd8 17. Qe2 a6 18. Rad1 Rac8 19. g3 b5 20. h4 Qb7 21. f3 (21. Bg5 $11) 21... Rd5 ({Black should play} 21... b4 $17 {And now ...bxc3 would win.} 22. c4 Na4) 22. Nc2 (22. Nb3 $11 {keeps the balance.} Na4 23. Rxd5 Qxd5 24. Rd1) 22... Na4 $17 {[%emt 0:01:35] [#] aiming for ...Rxd1. Black is more active.} 23. Rxd5 Qxd5 24. Nb4 Qb7 (24... Qc4 $15 25. Qxc4 (25. Nxa6 Nxb2 26. Qxb2 Bxc3 $17) 25... bxc4) 25. Nd3 Rd8 26. Nf2 b4 27. Ne4 (27. cxb4 $11 Qxb4 28. Kf1) 27... bxc3 28. b3 (28. bxc3 $17 {is a better defense.} Nxc3 29. Nxc3 Bxc3 30. Rd1 Rxd1+ 31. Qxd1) 28... Nb2 (28... Nb6 $19 29. Bc5 Nd5) 29. Nxf6+ $2 {[%emt 0:04:27] Loses the game.} (29. Rc1 $17) 29... gxf6 $19 30. Bh6 Qd5 31. Rc1 Nd3 32. Rc2 Rc8 33. a3 {[%emt 0:03:06] Prevents Nb4.} Kh8 34. Kg2 Ne5 35. b4 Rc4 36. Qe3 $2 (36. h5 {might work better.}) 36... Ng4 37. Qc1 Kg8 38. Rxc3 (38. Be3 $142 Ne5 39. Qf1) 38... Rxc3 {[%emt 0:01:03] Black is clearly winning.} 39. Qxc3 {[%emt 0:00:02] [#] White threatens Qc8+ and mate.} Nxh6 40. Qxf6 Qd2+ 41. Kh3 Nf5 {[%emt 0:30:44] Threatens to win with ...h6.} 42. g4 Nd4 43. g5 Nf5 {[%emt 0:00:00] Weighted Error Value: White=0.49/Black=0.19 (very precise)} 0-1

[Event "Czech Open-GM 2022"]
[Site "Pardubice"]
[Date "2022.07.27"]
[Round "6.35"]
[White "Frank, Adam"]
[Black "Wong, Gengchun"]
[Result "1-0"]
[ECO "B96"]
[WhiteElo "2313"]
[BlackElo "2114"]
[Annotator "TA"]
[PlyCount "63"]
[EventDate "2022.07.22"]
[EventType "swiss"]
[EventCountry "CZE"]
[SourceTitle "playchess.com"]
[Source "ChessBase"]
[SourceQuality "1"]
[TimeControl "40/5400+30:1800+30"]

1. e4 c5 2. Nf3 d6 3. d4 cxd4 4. Nxd4 Nf6 5. Nc3 a6 6. Bg5 e6 7. f4 h6 8. Bh4 Qb6 9. a3 Be7 {[%emt 0:00:06][%cal Of6e4] B96: Sicilian Najdorf: 6 Bg5 e6 7 f4, lines other than 7...Qb6 and 7...Be7.} (9... Qxb2 $2 10. Na4 Qxa1 11. Qxa1 $18) 10. Bf2 {[%emt 0:04:03][%cal Od4e6] aiming for Nxe6!} Qc7 (10... Qxb2 $2 11. Na4 Qxa1 12. Qxa1 $18) 11. Qe2 Nbd7 {[%emt 0:02:24] The position is equal.} 12. O-O-O b5 13. g4 $1 {[%emt 0:04:38] White is more active.} Rb8 14. h4 {[%emt 0:28:52] [#] Inhibits g5.} Nc5 $146 ({Predecessor:} 14... b4 15. axb4 Rxb4 16. Rh3 g6 17. g5 hxg5 18. hxg5 Rxh3 19. Bxh3 Nh5 20. Be3 Nb6 {0-1 (55) Pour Agha Bala,A (2319)-Yakubboev,N (2549) Konya 2018}) 15. Bg2 {[%emt 0:06:26] Black must now prevent e5.} Bd7 $2 (15... h5 $1 $14) 16. e5 $18 (16. g5 Ng8 17. b4 Nb7 $16) 16... dxe5 17. fxe5 Nh7 {[%emt 0:00:22] [#]} 18. Nf5 $1 exf5 19. Nd5 Qc8 20. Rh3 Ne4 (20... fxg4 $2 21. Nxe7 gxh3 22. Nxc8 Rxc8 23. Bxc5 Rxc5 24. Qf2 Rxe5 25. Qg3 $18) (20... b4 {is a better defense.}) 21. Bxe4 fxe4 {[%emt 0:00:39] [#]} 22. Rc3 $1 Qd8 {[%emt 0:00:27] [#] And now ...0-0 would win.} 23. Nxe7 (23. e6 fxe6 24. Nxe7 (24. Nc7+ Kf7 $15) 24... Qxe7 $17) (23. Nc7+ $1 $18 Kf8 24. Qxe4 (24. e6 fxe6 25. Qxe4 Kf7 $16)) 23... Qxe7 $11 24. Rc7 O-O {[%emt 0:04:41][%cal Od7g4] Threatens to win with ...Bxg4!} 25. Rdxd7 (25. Rcxd7 $11 {was the only way to keep the balance.} Qxe5 26. Be3) 25... Qxe5 $17 26. Bc5 (26. Rc5 $17 Qh2 27. g5) 26... Rfc8 $2 ({Black should play} 26... Nf6 $19 27. Bxf8 (27. Re7 $2 Qf4+ 28. Qd2 Qf1+ 29. Qd1 Qxd1+ 30. Kxd1 Rbd8+ 31. Ke2 Nd5 $19) 27... Nxd7 28. Rxd7 Qf4+ 29. Kb1 Kxf8) 27. Bd4 (27. Bd6 $11 Qe6 28. Ra7 (28. Rxf7 $2 Rxc7 29. Bxc7 Rc8 $19)) 27... Qf4+ $15 28. Be3 Qf3 (28... Qxc7 $2 29. Rxc7 Rxc7 30. Bf4 $18) (28... Qg3 $15 29. Ra7 Rf8) 29. Rxf7 $11 Qxe2 30. Rxg7+ Kf8 $2 (30... Kh8 $11 31. Rxh7+ Kg8 32. Rhg7+ Kh8 33. Rh7+ Kg8 34. Rhg7+ Kh8 35. Rh7+) 31. Bc5+ Ke8 32. Rg8+ {[%emt 0:00:04][%mdl 64] Skewer.  Weighted Error Value: White=0.24 (precise) /Black=0.73} 1-0

[Event "Czech Open-GM 2022"]
[Site "Pardubice"]
[Date "2022.07.27"]
[Round "6.36"]
[White "Elmi, Saad Abobaker"]
[Black "Kistrup, Nicolai"]
[Result "1-0"]
[ECO "A06"]
[WhiteElo "2123"]
[BlackElo "2310"]
[Annotator "TA"]
[PlyCount "83"]
[EventDate "2022.07.22"]
[EventType "swiss"]
[EventCountry "CZE"]
[SourceTitle "playchess.com"]
[Source "ChessBase"]
[SourceQuality "1"]
[TimeControl "40/5400+30:1800+30"]

1. Nf3 d5 2. e3 Nf6 3. c4 e6 4. d4 Be7 5. Nc3 O-O 6. Bd3 dxc4 7. Bxc4 a6 8. a4 $1 {[%emt 0:00:49][%mdl 4] is now more promising than 8.0-0.} c5 9. O-O Nc6 10. Re1 {[%emt 0:02:27] D37: Queen's Gambit Declined: 5 Bf4.} Qc7 11. Qe2 Rd8 12. Rd1 {[%emt 0:00:34] [#] Black is slightly better.} h6 $146 ({Predecessor:} 12... b6 13. d5 exd5 14. Nxd5 Nxd5 15. Bxd5 Bb7 16. e4 Bf6 17. Bg5 Nd4 18. Nxd4 Bxg5 19. Bxb7 Qxb7 {1-0 (81) Pasko,L (2417)-Bremner,A (2204) Terme Catez 2021}) 13. h3 Rb8 14. b3 cxd4 15. exd4 Na5 16. Ne5 Nxb3 17. Bxb3 Qxc3 18. Rb1 Rxd4 19. Nc4 Re4 20. Qf1 Nd5 {[%emt 0:00:15] And now ...Bd7 would win.} 21. Nd2 $1 Rf4 {[%emt 0:03:56][%cal Of4f2] aiming for ...Rxf2!} 22. Bb2 Qc7 {[%emt 0:01:03] White must now prevent ...Bd7.} 23. Rbc1 Bc5 24. Nf3 {[%emt 0:00:57] [#]} (24. Qe1 $1 $11 Rf5 25. Nf3 Rxf3 26. Be5 Bxf2+ 27. Qxf2 Qxe5 28. Qxf3) 24... Rxf3 $1 $15 25. gxf3 Qg3+ $1 26. Qg2 Bxf2+ 27. Kh1 f6 {[%emt 0:00:57] [#]} (27... Qxg2+ $15 28. Kxg2 Be3) 28. Rg1 $1 $40 {[%emt 0:05:32][%mdl 128] Black needs to defend precisely.} Qxg2+ 29. Rxg2 {[%emt 0:00:06] Bxd5 is the strong threat.} Bh4 $2 (29... Be3 $11 30. Rcc2 Bf4) 30. Bxd5 $18 exd5 31. Rc7 g5 {[%emt 0:00:56] [#]} (31... Bxh3 32. Rgxg7+ Kh8 33. Rh7+ Kg8 34. Rcg7+ Kf8 35. Ba3+ Ke8 36. Rh8#) 32. Re2 $1 ({Don't do} 32. Kh2 $6 Bf5 $16) 32... Bf5 (32... Bxh3 33. Ree7 Bg3 34. Rg7+ Kh8 35. Rh7+ Kg8 36. Rcg7+ Kf8 37. Ba3+) 33. Ree7 (33. Bxf6 $18 b5 34. Re5) 33... g4 $2 (33... Bxh3 {gets mated.} 34. Rg7+ Kh8 35. Bxf6) (33... Bg3 $16) 34. hxg4 Bd3 35. Kg2 (35. f4 $142 Kf8 36. f5 Rc8 37. Rf7+ (37. Rxc8+ Kxe7 38. Rc7+ Kd6 $16) 37... Ke8 38. Rce7+ Kd8 39. Rxb7 Be4+ 40. Kg1) 35... Rf8 36. Ba3 (36. f4 $142 b5 37. f5 Be4+ 38. Kh3 Rd8 39. Rg7+ Kh8 40. Rh7+ Kg8 41. Rcg7+ Kf8 42. Ba3+ b4 43. Bxb4+ Rd6 44. Bxd6+ Ke8 45. Rh8#) 36... Rd8 37. Bc1 (37. f4 $142 Bg6 38. Rg7+ Kh8 39. Rxg6 Re8 40. Rgg7 Re2+ 41. Kh3 Rh2+ 42. Kxh2 Bg3+ 43. Kxg3 d4 44. Rh7+ Kg8 45. Rcg7#) 37... Bg5 (37... h5 $142 38. gxh5 Bf5) 38. f4 Bh4 39. Kh3 (39. f5 $142 Be4+ 40. Kh3 Bxf5 41. Rg7+ Kh8 42. gxf5 Re8 43. Rh7+ Kg8 44. Rcg7+ Kf8 45. Ba3+ Re7 46. Rxe7 Kg8 47. Reg7#) 39... Bf2 40. f5 {[%emt 0:00:55] White mates.} h5 41. Bh6 hxg4+ 42. Kxg4 {[%emt 0:00:00] Weighted Error Value: White=0.44/Black=1.26} 1-0

[Event "Czech Open-GM 2022"]
[Site "Pardubice"]
[Date "2022.07.27"]
[Round "6.37"]
[White "Mica, Marek"]
[Black "Dubinski, Mateusz"]
[Result "0-1"]
[ECO "D43"]
[WhiteElo "2304"]
[BlackElo "2206"]
[Annotator "TA"]
[PlyCount "124"]
[EventDate "2022.07.22"]
[EventType "swiss"]
[EventCountry "CZE"]
[SourceTitle "playchess.com"]
[Source "ChessBase"]
[SourceQuality "1"]
[TimeControl "40/5400+30:1800+30"]

1. d4 d5 2. c4 c6 3. Nf3 Nf6 4. Nc3 e6 5. Qd3 dxc4 6. Qxc4 b5 7. Qd3 a6 8. g4 {[%emt 0:00:32] is currently scoring better than 8.e4. D43: Semi-Slav: 5 Bg5 h6.} c5 9. g5 Nd5 10. Nxd5 {[%emt 0:05:37] White has an edge.} Qxd5 11. Bg2 (11. e4 $5 Qd6 12. dxc5 Qxd3 13. Bxd3 $11) 11... Bb7 12. Rg1 Qd6 13. Be3 {[%emt 0:23:01] [#]} Nd7 $146 (13... c4 $5 14. Qd2 Be4 $15) ({Predecessor:} 13... c4 14. Qc2 Nc6 15. a3 Ne7 16. Bd2 Qc7 17. h4 Nd5 18. Ne5 Bd6 19. Bxd5 Bxd5 {0-1 (91) Sedlak,N (2557)-Kjartansson,G (2459) Batumi 2019}) 14. h4 cxd4 (14... c4 $142 15. Qc2 Be7) 15. Qxd4 (15. Bxd4 {keeps more tension.} Bd5 16. a3 h6 17. g6) 15... Qxd4 (15... Rc8 {looks sharper.} 16. a4 Bd5 17. axb5 Rc4) 16. Nxd4 Bxg2 17. Rxg2 Rc8 18. a4 b4 19. Nb3 Bd6 20. Kd1 Ke7 21. Rc1 Rxc1+ 22. Kxc1 Rc8+ 23. Kb1 Rc4 24. Nd4 {[%emt 0:06:29] [#]} g6 (24... Bf4 $1 $15) 25. Rg4 $11 {[%emt 0:02:21][%cal Od4f5] Strongly threatening Nf5+!} Rc8 26. Nb3 e5 27. h5 Ke6 ({Don't play} 27... gxh5 28. Rh4 $14) (27... f5 $5 28. Rh4 f4 $11) 28. hxg6 hxg6 29. Rh4 Nf8 30. Bd2 Rb8 (30... Be7 $11 {remains equal.}) 31. Na5 (31. Rc4 $1 $16) 31... Bc5 (31... Kd7 $11) 32. f3 $1 $16 b3 33. Bc3 (33. Rc4 $16 Nd7 34. Rc3) 33... Nd7 $11 34. Re4 Bd6 35. Nc6 Rb6 (35... Nc5 $142 $1 36. Nxb8 Nxe4 37. Nxa6 Nxg5) 36. Nd8+ (36. Rc4 $5 Kd5 37. Na5 $14) 36... Ke7 {[%emt 0:00:58] aiming for ...Bc7.} 37. a5 Rb5 38. Nc6+ Kf8 39. Kc1 Rc5 40. Nb4 Rxa5 41. Kd2 {[%emt 0:01:46] [#]} (41. Nd3 $11 {keeps the balance.} Rb5 42. Ra4) 41... Ra4 $1 $17 42. Nc6 $2 {[%emt 0:16:24] Prevents a5. This move loses the game for White.} (42. Rg4 $17) 42... Rxe4 $19 43. fxe4 {[%emt 0:00:06][%mdl 4096] Endgame [#] KBN-KBN} Nc5 $1 44. Ke3 Na4 45. Kd3 f6 46. gxf6 (46. Be1 {was called for.}) 46... Nxc3 47. Kxc3 {[%emt 0:00:07] KB-KN} (47. bxc3 $142 g5 48. Na5) 47... Kf7 48. Kxb3 g5 {[%emt 0:00:35] ...g4 is the strong threat.} 49. Kc3 g4 {[%emt 0:00:36] White must now prevent ...g3.} 50. Kd2 Kxf6 51. e3 (51. Ke1 $142 Kg5 52. Kf2) 51... Kg5 52. Ke2 Kh4 53. Kf2 Kh3 54. Kg1 Kg3 {[%emt 0:01:48] Threatens to win with ...Kh3.} 55. Na5 Kf3 {[%emt 0:00:34][%csl LRe3,LRe4] ( -> ...Bc5)} 56. Nc4 Bc7 57. b3 a5 58. Kf1 Kxe4 (58... g3 $142 59. Kg1 g2 60. Nd2+ Kxe3 61. Nf1+ gxf1=Q+ 62. Kxf1 Kxe4 63. Ke2 Kd4 64. Kf3 e4+ 65. Kg2 e3 66. Kf3 Kd3 67. b4 axb4 68. Kg2 e2 69. Kf2 b3 70. Kf3 e1=Q 71. Kg4 Qe6+ 72. Kh5 Qg8 73. Kh4 Qg6 74. Kh3 Qg3#) 59. Kg2 Kd3 {[%emt 0:00:35] Black mates.} 60. Kg3 Kc3 61. Kxg4 a4 62. Nxe5 a3 {[%emt 0:00:09] Weighted Error Value: White=0.78/Black=0.26 (precise)} ({Not} 62... Bxe5 63. bxa4 Bh2 64. Kh5 $11) 0-1